AoeStats
← Voodoo Child390

Arabian Desert

510535657Analyzed
1v1 RM · 17h ago on Oct 1, 2026· 50m 33s· 2 players
Game mode
Random Map
Map size
Tiny (2 player)
Population
200
Speed
Normal
Resources
Standard
Victory
Conquest
Starting age
Dark Age
Ending age
Imperial Age
RankedLock teamsTeams togetherTeam positionsShared explorationLock speedFull tech treeHidden civsTurbo modeCheats
Victory
Defeat
🇦🇹 Maya · Austria
1466
+15
🇮🇳 Portuguese · India
1434
-15
Voodoo Child390
6:28 Loom
8:53 Feudal Age
9:24 Double-Bit Axe
14:26 Fletching
17:32 Padded Archer Armor
21:03 Castle Age
21:11 Crossbowman
21:47 Bodkin Arrow
23:31 Bow Saw
26:06 Town Watch
27:51 Leather Archer Armor
27:40 Stone Mining
29:18 Elite Skirmisher
35:57 Imperial Age
39:20 Wheelbarrow
43:02 Scale Mail Armor
43:13 Forging
43:41 Conscription
44:30 Ring Archer Armor
45:27 Chemistry
Seldorn
0:32 Loom
9:31 Feudal Age
9:45 Man-at-Arms
12:47 Double-Bit Axe
12:56 Horse Collar
16:11 Fletching
22:23 Castle Age
20:48 Gold Mining
22:42 Padded Archer Armor
22:58 Bodkin Arrow
22:56 Elite Skirmisher
24:02 Crossbowman
25:46 Leather Archer Armor
26:19 Ballistics
29:44 Bow Saw
29:37 Heavy Plow
31:21 Forging
31:12 Scale Mail Armor
31:26 Squires
30:46 Eagle Warrior
33:25 Iron Casting
39:15 Imperial Age
39:23 Imperial Age
38:00 Chain Mail Armor
37:43 Arson
39:51 Elite Eagle Warrior
42:10 Blast Furnace
42:35 Stone Mining
44:58 Holcans
44:49 Conscription
45:12 Plate Mail Armor
46:12 Crop Rotation
46:44 Two-Man Saw
46:22 Wheelbarrow
45:33 Town Watch
48:17 Hand Cart
Connection lost

Rejoining the realm…

Still unreachable

The connection could not be restored.

Session expired

The server has moved on; the page needs a fresh start.